 Dungeon Crawl Stone Soup version 0.28.0-56-g4927b6849a (webtiles) character file.

Game seed: 13126384103038032727

12 AarnesTheHuman the Skirmisher (level 2, 27/27 HPs)
             Began as a Hill Orc Fighter on Feb 6, 2023.
             Was a Follower of Qazlal.
             Got out of the dungeon alive.
             The game lasted 00:00:35 (748 turns).

AarnesTheHuman the Skirmisher (Hill Orc Fighter)     Turns: 748, Time: 00:00:35

Health: 27/27      AC:  9    Str: 18    XL:     2   Next: 33%
Magic:  2/2        EV:  6    Int:  8    God:    Qazlal [*.....]
Gold:   18         SH:  6    Dex: 10    Spells: 1/1 levels left

rFire   . . .      SeeInvis .   a - +0 war axe
rCold   . . .      Faith    .   c - +0 buckler
rNeg    . . .      Spirit   .   g - +0 chain mail
rPois   .          Reflect  .   (no helmet)
rElec   .          Harm     .   (no cloak)
rCorr   .          Rampage  .   (no gloves)
Will    .....                   (no boots)
Stlth   ..........              (no amulet)
HPRegen 0.09/turn               (no ring)
MPRegen 0.08/turn               (no ring)

@: no status effects
A: no striking features
a: Renounce Religion


You escaped.
You worshipped Qazlal.
Qazlal was aware of your devotion.
You visited 1 branch of the dungeon, and saw 1 of its levels.

You collected 18 gold pieces.

Inventory:

Hand Weapons
 a - a +0 war axe (weapon)
Armour
 b - a +0 scale mail
 c - a +0 buckler (worn)
 g - a +0 chain mail (worn)
Scrolls
 e - a scroll of enchant weapon {unknown}
 f - a scroll of noise {unknown}
Potions
 d - a potion of might


   Skills:
 + Level 3.9 Fighting
 + Level 3.0 Axes
 + Level 3.5 Armour
 + Level 3.5 Shields


You had one spell level left.
You didn't know any spells.
Your spell library was empty.

Dungeon Overview and Level Annotations

Branches:
Dungeon (1/15)

Altars:
Qazlal


Message History

A dart slug comes into view.
The dart slug launches a dart at you.
The slug dart hits you but does no damage.
A dart slug is nearby!
The dart slug briefly extends its eye-stalks.
A frilled lizard comes into view.
The frilled lizard hisses angrily.
You block the dart slug's attack.
You slash the dart slug!
You kill the dart slug!
The frilled lizard closely misses you.
You closely miss the frilled lizard.
The frilled lizard bites you but does no damage.
You miss the frilled lizard.
The frilled lizard bites you but does no damage. x2
You slash the frilled lizard!
You kill the frilled lizard!
No target in view!
No target in view!
No target in view!
No target in view!
No target in view!
No target in view!
No target in view!
No target in view!
No target in view!
No target in view!
No target in view!
Search for what [? for help]? altar
Things that are here:
a +0 whip; a stone; a kobold corpse
There is a faded altar of an unknown god here.
You cannot tell which god this altar belongs to.
Convert to them anyway?
Qazlal accepts your prayer! Qazlal welcomes you!
Qazlal grants you and your divine allies immunity to clouds.
You are now surrounded by a storm.
There is a staircase leading out of the dungeon here.
Are you sure you want to leave the Dungeon?
This will make you lose the game!
You have escaped!

≈≈≈≈≈≈≈≈≈≈≈≈≈≈≈≈#
≈≈≈≈≈≈≈≈≈≈≈≈≈≈≈≈#
≈≈≈≈≈≈≈≈≈≈≈≈..≈≈#
≈≈≈≈≈≈≈≈≈≈≈≈≈.≈≈#
≈≈≈≈≈≈.≈≈≈≈.....#
≈≈≈≈≈...≈......#
≈≈≈≈≈≈≈≈☼......#
≈≈≈≈.≈≈@.......##
≈≈≈.≈≈......8...#
≈≈≈≈≈8..........#
≈≈≈.≈.........8.## ###
≈≈≈≈..8..........# #..
≈≈≈≈.............####.#
≈≈≈≈...............##.#
≈≈≈................##.#
.###...........##.##


There were no monsters in sight!

Vanquished Creatures
  2 dart slugs (D:1)
  2 ball pythons (D:1)
  3 frilled lizards (D:1)
  A goblin (D:1)
  2 kobolds (D:1)
  A rat (D:1)
11 creatures vanquished.

Notes
Turn   | Place    | Note
-------+----------+-------------------------------------------
     0 | D:1      | AarnesTheHuman the Hill Orc Fighter began the quest for the
                  | Orb.
     0 | D:1      | Reached XP level 1. HP: 19/19 MP: 1/1
   288 | D:1      | Reached XP level 2. HP: 10/27 MP: 2/2
   562 | D:1      | Found a faded altar of an unknown god.
   702 | D:1      | Prayed at the altar of an unknown god.
   702 | D:1      | Became a worshipper of Qazlal Stormbringer
   702 | D:1      | Reached * piety under Qazlal
   748 | D:$      | Got out of the dungeon alive.

Illustrated notes

Levels and vault maps discovered:
D:1:      nicolae_arrival_washed_ashore, layout_loops_ring,
          shapermc_ecumenical_altar_totnotflames

Skill      XL: |  1  2 |
---------------+-------+-----
Axes           | 3 |  3.0
Fighting       | |  3.9
Armour         | |  3.5
Shields        | |  3.5

Action                   || total
-------------------------++-------
Melee: War axe           ||    29
Armor: Scale mail        ||     9
       Chain mail        ||     5
Dodge: Dodged            ||     8
Block: Buckler           ||     5
